 Dungeon Crawl Stone Soup version 0.32-a0-918-g0f22ef8d61 (webtiles) character file.

Game seed: 7220317557299828505

242 ezpacito the Chopper (level 6, 48/48 HPs)
             Began as a Coglin Chaos Knight on Apr 11, 2024.
             Was a Plaything of Xom.
             Quit the game on level 3 of the Dungeon.
             The game lasted 00:02:56 (2071 turns).

ezpacito the Chopper (Coglin Chaos Knight)          Turns: 2071, Time: 00:02:57

Health: 48/48      AC:  4    Str: 18    XL:     6   Next: 9%
Magic:  8/8        EV: 11    Int: 10    God:    Xom [.*....]
Gold:   68         SH:  0    Dex: 13    Spells: 6/6 levels left

rFire   x . .        a - +0 hand axe (chaos) {Ishpreet}
rCold   . . .        e - +0 spear (spect) {Chaewon}
rNeg    + . .        l - +2 robe {rN+}
rPois   .            (helmet restricted)
rElec   .            (no cloak)
rCorr   .            o - +0 pair of gloves
SInv    .            (no boots)
Will    .....        (amulet unavailable)
Stlth   ++           (ring unavailable)
HPRegen 1.88/turn    (ring unavailable)
MPRegen 0.11/turn    (no gizmo)

%: no passive effects
@: no status effects
A: off-hand wielding, slow wielding, warmup strikes, no jewellery, antennae 1,
deformed body, high MP 1, regeneration 2, strong 1, teleportitis 1, heat
vulnerability 1, MP-powered wands, noise suppression
a: Invent Gizmo, Renounce Religion


You were on level 3 of the Dungeon.
You worshipped Xom.
You were a plaything of Xom.
You visited 1 branch of the dungeon, and saw 4 of its levels.

You collected 98 gold pieces.
You spent 30 gold pieces at shops.

Inventory:

Hand Weapons
 a - a +0 hand axe of chaos (weapon) {Ishpreet}
 e - a +0 spectral spear (offhand) {Chaewon}
Missiles
 p - a throwing net (quivered)
Armour
 b - a +2 leather armour
 i - a +0 helmet
 k - a +0 chain mail
 l - a +2 robe of positive energy (worn)
 o - a +0 pair of gloves (worn)
Talismans
 f - a beast talisman
 j - a serpent talisman
Scrolls
 c - a scroll of butterflies
 d - 2 scrolls of noise
 B - 2 scrolls of blinking
Potions
 g - a potion of brilliance {unknown}
 h - a potion of curing {unknown}
 m - a potion of resistance {unknown}
 n - a potion of mutation {unknown}
 q - a potion of berserk rage {unknown}
 r - a potion of enlightenment {unknown}
 s - a potion of attraction {unknown}


   Skills:
 * Level 3.7 Fighting
 * Level 4.0(4.2) Axes
 * Level 1.8(2.9) Polearms
 * Level 2.7 Armour
 * Level 2.1 Dodging
 + Level 1.3 Stealth
 + Level 0.9 Spellcasting


You had 6 spell levels left.
You didn't know any spells.
Your spell library contained the following spells:

 Spells                   Type           Power      Damage    Failure   Level
 Slow                     Hex            0%         N/A       34%         1


Dungeon Overview and Level Annotations

Branches:
Dungeon (4/15)
 Temple: D:4-7

Altars:

Shops:
D:1 ?   D:3 (


Innate Abilities, Weirdness & Mutations

You can wield a second weapon in your off-hand.
It takes a long time for you to wield or remove held weapons.
Your first few attacks do less damage.
You cannot equip rings or amulets.
You have a pair of small antennae on your head.
Armour fits poorly on your strangely shaped body.
You have an increased reservoir of magic. (+10% MP)
You heal very quickly.
Your muscles are strong. (Str +4, Int/Dex -1)
You are occasionally teleported next to monsters.
You are vulnerable to heat. (rF-)
You expend magic power (3 MP) to strengthen your wands.
You passively dampen the noise of your surroundings.


Message History

You hit the goblin with your +0 spectral spear.
You kill the goblin!
No target in view!
No target in view!
No target in view!
No target in view!
A kobold comes into view.
It is wielding a +0 whip and quivering poisoned darts.
Things that are here:
a +0 club; a goblin corpse You barely miss the kobold with your +0 spectral spear.
You hit the kobold with your +0 hand axe of chaos.
You kill the kobold!
No target in view!
No target in view!
No target in view!
No target in view!
No target in view!
No target in view!
No target in view!
No target in view!
Things that are here:
a +0 whip; 6 poisoned darts; a kobold corpse Your white imp disappears in a puff of smoke!
Found a stone staircase leading up.
No target in view!
A dart slug comes into view.
You feel strangely unstable.
You are yanked towards a nearby monster!
Your surroundings suddenly seem different.
There is a stone staircase leading up here.
Your quasit disappears in a puff of smoke!
You climb upwards.
You hear the sound of rushing water.
There is an entrance to a sewer on this level.
Hurry and find it before the portal rusts away!
The walls and floor vibrate strangely for a moment.
The ribbon worm expels a string of sticky webbing.
The stream of webbing misses you.
There is a stone staircase leading down here.
Okay, then.
Are you sure you want to abandon this character and quit the game? (Confirm with "yes".)

######## #.w~~~.#
######## #~~~~~.#
#.......
#~B~~.B#########.......
#~B...@................
#~......###.####.......
######..# .........
#... ....#%### #...#
#.# #.### #.#.. . .....
#.#.#. .. ... #......
..# ##. ...


You could see a ribbon worm (catching breath) and 3 giant cockroaches.

Vanquished Creatures
  A phantom (D:4)
  A bombardier beetle (D:4)
  Robin (D:2)
  5 adders
  A dart slug (D:2)
  A ribbon worm (D:2)
  An orc (D:4)
  5 ball pythons
  7 endoplasms
  3 giant cockroaches
  11 goblins
  9 hobgoblins
  3 quokkas
  6 bats
  4 frilled lizards
  9 kobolds
  8 rats
76 creatures vanquished.

Notes
Turn   | Place    | Note
-------+----------+-------------------------------------------
     0 | D:1      | ezpacito the Coglin Chaos Knight began the quest for the
                  | Orb.
     0 | D:1      | Reached XP level 1. HP: 18/18 MP: 1/1
    32 | D:1      | XOM: silly message
    53 | D:1      | Reached skill level 1 in Dodging
   101 | D:1      | Reached XP level 2. HP: 21/24 MP: 2/2
   422 | D:1      | Reached XP level 3. HP: 29/29 MP: 3/3
   502 | D:1      | Found Losmemea's Magic Scroll Emporium.
   508 | D:1      | Bought a scroll of identify for 20 gold pieces
   508 | D:1      | Bought a scroll of noise for 10 gold pieces
   621 | D:1      | XOM: give mutations
   621 | D:1      | Gained mutation: Your natural rate of healing is unusually
                  | fast. [Xom's mischief]
   621 | D:1      | Gained mutation: You occasionally lose the ability to read
                  | scrolls when taking damage. [Xom's mischief]
   621 | D:1      | Gained mutation: Armour fits poorly on your strangely
                  | shaped body. [Xom's mischief]
   621 | D:1      | Lost mutation: You occasionally lose the ability to read
                  | scrolls when taking damage. [Xom's mischief]
   666 | D:1      | XOM: give mutations
   666 | D:1      | Gained mutation: You are occasionally teleported next to
                  | monsters. [Xom's mischief]
   666 | D:1      | Gained mutation: You expend magic power (3 MP) to
                  | strengthen your wands. [Xom's mischief]
   666 | D:1      | Gained mutation: You are vulnerable to heat. (rF-) [Xom's
                  | mischief]
   666 | D:1      | Gained mutation: You passively dampen the noise of your
                  | surroundings. [Xom's mischief]
   793 | D:2      | Noticed Robin
   793 | D:2      | XOM: swap monsters
   802 | D:2      | XOM: confuse monster(s)
   804 | D:2      | Reached skill level 1 in Polearms
   807 | D:2      | Reached XP level 4. HP: 35/35 MP: 4/4
   809 | D:2      | Killed Robin
  1032 | D:2      | XOM: give mutation
  1032 | D:2      | Gained mutation: You have a pair of small antennae on your
                  | head. [Xom's mischief]
  1082 | D:2      | XOM: summons 3 hostile shadow creatures
  1175 | D:2      | XOM: give mutations
  1175 | D:2      | Gained mutation: You heal very quickly. [Xom's grace]
  1175 | D:2      | Gained mutation: Your muscles are strong. (Str +4, Int/Dex
                  | -1) [Xom's grace]
  1175 | D:2      | Gained mutation: You have an increased reservoir of magic.
                  | (+10% MP) [Xom's grace]
  1330 | D:3      | Found Plog's Weapon Shoppe.
  1718 | D:3      | Reached skill level 1 in Stealth
  1718 | D:3      | Reached XP level 5. HP: 39/41 MP: 6/6
  1867 | D:3      | Found a faded altar of an unknown god.
  1871 | D:3      | Got Plato's Cyclopedia of Portents
  1892 | D:3      | You fall into a shaft and drop 1 floor!
  2022 | D:4      | Noticed a phantom
  2024 | D:4      | XOM: divination: detect creatures
  2033 | D:4      | XOM: summons 3 friendly demons
  2036 | D:4      | Killed a phantom
  2037 | D:4      | Reached XP level 6. HP: 48/48 MP: 8/8
  2050 | D:4      | Reached skill level 4 in Axes
  2071 | D:3      | Quit the game

Illustrated notes

Levels and vault maps discovered:
D:1:      grunt_arrival_crossed_arrows, layout_basic, serial_shops, shop,
          minmay_vboxes
D:2:      layout_basic, uniq_robin
D:3:      layout_basic, serial_shops, nicolae_shop_waterfront,
          shapermc_ecumenical_altar_rom_forum, portal_sewer_entry_b,
          chequers_serial_rivers_large_b
D:4:      layout_loops_ring

Skill      XL: |  1  2  3  4  5  6 |
---------------+-------------------+-----
Dodging        | 1 2 |  2.1
Armour         | 2 |  2.7
Polearms       | 1 |  1.8
Stealth        | 1 |  1.3
Axes           | 4 |  4.0
Fighting       | |  3.7
Spellcasting   | |  0.9

Action                     |  1- 3 |  4- 6 || total
---------------------------+-------+-------++-------
  Melee: Hand axe          |    52 |    59 ||   111
         Dagger            |     7 |       ||     7
         Spear             |    47 |    72 ||   119
    Use: Scroll            |     1 |     3 ||     4
   Stab: Sleeping          |     1 |     5 ||     6
         Confused          |     2 |     1 ||     3
         Held in net/web   |       |     2 ||     2
         Distracted        |       |     1 ||     1
 Armour: Leather armour    |    30 |     1 ||    31
         Robe              |       |    20 ||    20
  Dodge: Dodged            |    25 |    25 ||    50

Table legend: (Time is in decaauts)
 A = Elapsed time spent in this place.
 B = Non-inter-level travel time spent in this place.
 C = Inter-level travel time spent in this place.
 D = Time resting spent in this place.
 E = Time spent auto-exploring this place.
 F = Levels seen in this place.
 G = Mean time per level.
                   A        B        C        D        E       F      G
               +--------+--------+--------+--------+--------+-----+--------+
         Total |   2128 |   2012 |    116 |      0 |   1519 |   4 |  532.0 |
       Dungeon |   2128 |   2012 |    116 |      0 |   1519 |   4 |  532.0 |
               +--------+--------+--------+--------+--------+-----+--------+

Top non-repeatable levels by time:
     D:1: 774 daAuts
     D:3: 614 daAuts
     D:2: 562 daAuts
     D:4: 178 daAuts
